 Dungeon Crawl Stone Soup version 0.25-a0-634-gd1561dc703 (webtiles) character file.

Game seed: 8570983494823943582, levelgen mode: deterministic

67 Eurus the Conjurer (level 3, -4/25 HPs)
             Began as a Mummy Conjurer on Mar 20, 2020.
             Slain by a gnoll (6 damage)
             ... on level 1 of the Dungeon.
             The game lasted 00:02:42 (1334 turns).

Eurus the Conjurer (Mummy Conjurer)                 Turns: 1334, Time: 00:02:43

Health: -4/25      AC:  2    Str: 11    XL:     3   Next: 98%
Magic:  6/8        EV: 12    Int: 15    God:
Gold:   0          SH:  0    Dex: 12    Spells: 6/9 levels left

rFire    x . .     SeeInvis .   c - +1 halberd (protect)
rCold    + . .     Gourm    .   (shield currently unavailable)
rNeg     + + +     Faith    .   a - +0 robe
rPois    ∞         Spirit   .   (no helmet)
rElec    .         Reflect  .   (no cloak)
rCorr    .         Harm     .   (no gloves)
MR       .....                  (no boots)
Stlth    ++........             (no amulet)
HPRegen  0.08/turn              (no ring)
MPRegen  0.11/turn              (no ring)

@: very slightly contaminated
A: no food or potions, fire vulnerability, cold resistance 1, negative energy
resistance 3, torment resistance, unbreathing
a: no special abilities


You were on level 1 of the Dungeon.
You were not hungry.

You visited 1 branch of the dungeon, and saw 2 of its levels.

Inventory:

Hand Weapons
 c - a +1 halberd of protection (weapon)
Armour
 a - a +0 robe (worn)
Scrolls
 b - a scroll of amnesia {unknown}
 d - 2 scrolls of remove curse {unknown}
 e - a scroll of enchant armour {unknown}
 f - a scroll of noise {unknown}


   Skills:
 + Level 0.9 Fighting
 - Level 1.5 Dodging
 - Level 1.5 Stealth
 + Level 3.6 Spellcasting
 * Level 4.1 Conjurations


You had 6 spell levels left.
You knew the following spells:

 Your Spells              Type           Power        Failure   Level  Hunger
a - Magic Dart            Conj           ###.         3%          1    N/A
b - Searing Ray           Conj           ###...       5%          2    N/A

Your spell library contained the following spells:

 Spells                   Type           Power        Failure   Level  Hunger
 Dazzling Flash           Conj/Hex       #.....       24%         3    N/A
 Fulminant Prism          Conj/Hex       #.........   63%         4    N/A
 Iskenderun's Mystic Bla  Conj/Tloc      #.......     63%         4    N/A

Dungeon Overview and Level Annotations

Branches:
Dungeon (2/15)

Altars:
Okawaru


Innate Abilities, Weirdness & Mutations

You do not eat or drink.
Your flesh is vulnerable to fire.
You are immune to poison.
Your flesh is cold resistant. (rC+)
You are immune to negative energy. (rN+++)
You are immune to unholy pain and torment.
You can survive without breathing.


Message History

You miscast Searing Ray.
You are very lightly contaminated with residual magic.
Your bandages flutter.
The gnoll closely misses you. The gnoll hits you! The gnoll hits you!
* * * LOW HITPOINT WARNING * * *
The gnoll hits you.
* * * LOW HITPOINT WARNING * * *
The gnoll hits you.
* * * LOW HITPOINT WARNING * * *
Your magical contamination has completely faded away.
Casting: Searing Ray (safe; 5% risk of failure)
Confirm with . or Enter, or press ? or * to list all spells.
Aiming: Searing Ray (safe; 5% risk of failure)
Press: ? - help, Shift-Dir - straight line, f/p - gnoll
Aim: a gnoll You miscast Searing Ray.
You are very lightly contaminated with residual magic.
Your skin glows momentarily.
The gnoll hits you.
You die...

#.##.##.# #....#
#.##..#.# ##.####
#.###.#.# #...#
#.###.#.# #...#
#.......# #...#######
#####.### #.........##
#.#######..<#####...
#####.##......[.......##
..#............g@.......
#.#.#.##..............##
#.#...#####......####.#
....### #.#........ .
#.#.# #.#....#### #.#.#
#.#....# ..#.# #......#
..#.# #...[..# ....#
#.######


You could see a gnoll.

Vanquished Creatures
  Natasha (D:2)
  A gnoll (D:2)
  An adder (D:2)
  An ooze (D:2)
  2 dart slugs (D:2)
  2 goblins (D:2)
  3 hobgoblins (D:2)
  3 kobolds (D:2)
  A quokka (D:2)
  A ball python (D:2)
  A frilled lizard (D:1)
17 creatures vanquished.

Notes
Turn   | Place    | Note
-------+----------+-------------------------------------------
     0 | D:1      | Eurus the Mummy Conjurer began the quest for the Orb.
     0 | D:1      | Reached XP level 1. HP: 13/13 MP: 4/4
    77 | D:1      | You fall into a shaft and drop 1 floor!
   235 | D:2      | Found an iron altar of Okawaru.
   481 | D:2      | Reached XP level 2. HP: 19/19 MP: 3/6
   485 | D:2      | Learned a level 2 spell: Searing Ray
   744 | D:2      | Reached XP level 3. HP: 24/24 MP: 5/7
  1133 | D:2      | Noticed Natasha
  1138 | D:2      | Killed Natasha
  1138 | D:2      | Reached skill level 4 in Conjurations
  1323 | D:1      | HP: 1/25 [gnoll (3)]
  1334 | D:1      | Slain by a gnoll

Levels and vault maps discovered:
D:1:      dpeg_arrival_lava_altar, layout_loops_cross
D:2:      minmay_skewed_foursquare, layout_basic, lemuel_crystal_altar,
          uniq_natasha, uniq_terence

Skill      XL: |  1  2  3 |
---------------+----------+-----
Spellcasting   | 3 |  3.6
Conjurations   | 4 |  4.1
Fighting       | |  0.9
Dodging        | |  1.5
Stealth        | |  1.5

Action                   || total
-------------------------++-------
Melee: Unarmed           ||     2
       Halberd           ||    17
 Cast: Magic Dart        ||    21
       Searing Ray       ||     2
 Stab: Sleeping          ||     3
Armor: Robe              ||     3
Dodge: Dodged            ||    11

Table legend:
 A = Non-vault XP
 B = Vault XP
 C = Vault XP percentage of total XP
 D = Non-vault monster count
 E = Vault monster count
 F = Vault count percentage of total count
                 A         B        C        D         E       F
            +---------+---------+-------+---------+---------+-------
      Total |      39 |      57 |  59.4 |      11 |       6 |  35.3
            +---------+---------+-------+---------+---------+-------
        D:1 |       1 |       0 |   0.0 |       1 |       0 |   0.0
        D:2 |      38 |      57 |  60.0 |      10 |       6 |  37.5
            +---------+---------+-------+---------+---------+-------
